Map: Newkirk Precinct TE (Void)

Players

Railgan - Winner!

  • Race: Zerg Zerg
  • League: Grandmaster
  • Spawn Location: 5:00

Sohrab

  • Race: Protoss Protoss
  • League: Grandmaster
  • Spawn Location: 7:00

VOD

Have the link to the VOD?

Description

Time

  • Played on: Feb. 22, 2017, 6:19 p.m.
  • Length: 14:09
Show
View Real Time Build Order
Export as new Build Order

Railgan Zerg - Winner!

Build Orders: 3 Hatch before Pool 

Get SALT Encoding   

  12  0:01  Drone  
  13  0:13  Overlord  
  13  0:18  Drone  
  14  0:31  Drone  
  14  0:32  Drone  
  16  0:38  Drone  
  17  0:51  Drone  
  18  1:02  Hatchery  
  18  1:03  Drone  
  18  1:06  Extractor  
  17  1:15  Drone  
  18  1:21  Drone  
  19  1:31  Hatchery  
  18  1:43  Spawning Pool  
  18  1:47  Drone  
  18  1:52  Drone  
  19  2:00  Drone  
  20  2:02  Drone  
  21  2:15  Drone  
  22  2:36  Drone  
  22  2:37  Drone, Queen  
  24  2:38  Queen  
  24  2:44  Queen  
  28  2:50  Metabolic Boost  
  30  2:55  Overlord  
  30  2:58  Zergling x2  
  30  3:01  Zergling x2  
  30  3:03  Zergling x2  
  33  3:09  Drone  
  33  3:11  Overlord  
  34  3:19  Drone, Zergling x2  
  36  3:20  Drone  
  36  3:21  Zergling x2  
  38  3:32  Drone  
  38  3:33  Drone x3  
  41  3:43  Overlord  
  41  3:48  Overlord  
  41  3:51  Overlord  
  41  3:53  Drone  
  42  4:01  Queen  
  43  4:03  Drone x5  
  43  4:05  Drone  
  49  4:13  Drone  
  49  4:14  Drone x4  
  49  4:16  Drone  
  55  4:22  Roach Warren  
  54  4:24  Overlord  
  54  4:31  Spore Crawler  
  52  4:32  Spore Crawler  
  52  4:33  Spore Crawler  
  52  4:34  Zergling x2  
  52  4:37  Drone x2  
  53  4:40  Zergling x4  
  53  4:41  Drone x2  
  53  4:44  Zergling x4  
  58  4:47  Drone x2  
  58  4:48  Drone  
  58  4:51  Overlord  
  61  4:56  Drone  
  61  4:57  Lair  
  62  5:04  Roach  
  62  5:05  Roach x3  
  70  5:09  Extractor  
  70  5:11  Zergling x8  
  70  5:12  Zergling x2  
  74  5:16  Zergling x2  
  74  5:17  Roach  
  74  5:18  Zergling x2  
  78  5:27  Drone  
  78  5:28  Drone  
  80  5:29  Zergling x2  
  80  5:42  Overlord, Zergling x4  
  81  5:45  Overlord  
  81  5:47  Zergling x2  
  81  5:51  Overlord  
  81  5:53  Drone  
  81  5:55  Extractor  
  80  5:57  Overlord  
  80  5:59  Overlord  
  80  6:00  Baneling Nest  
  80  6:01  Drone x2  
  80  6:02  Hatchery  
  80  6:06  Drone  
  80  6:07  Overseer  
  80  6:08  Drone x2, Hatchery  
  80  6:10  Drone  
  80  6:11  Drone, Glial Reconstitution  
  84  6:16  Drone  
  84  6:17  Drone, Roach  
  88  6:25  Drone x2  
  88  6:26  Extractor  
  88  6:27  Drone x2  
  88  6:29  Zergling x14  
  88  6:32  Overlord  
  94  6:43  Drone  
  94  6:44  Drone x2  
  90  6:47  Drone x2  
  90  6:50  Drone  
  90  6:51  Pneumatized Carapace  
  90  6:53  Overlord  
  91  6:55  Baneling x6  
  91  6:56  Zergling x2  
  91  6:57  Zergling x10  
  96  7:09  Drone, Centrifical Hooks  
  96  7:13  Zergling x10  
  96  7:14  Baneling  
  96  7:15  Baneling  
  101  7:16  Zergling x4  
  101  7:20  Zergling x2  
  101  7:21  Zergling x4  
  106  7:27  Baneling  
  106  7:29  Ravager  
  107  7:31  Ravager  
  100  7:42  Roach x3, Zergling x2  
  100  7:43  Zergling x8  
  100  7:45  Zergling x2  
  100  7:46  Zergling x14  
  106  7:52  Drone  
  106  7:53  Zergling x2  
  106  7:55  Zergling x2  
  103  8:05  Zergling x6  
  93  8:06  Zergling x12  
  93  8:08  Zergling x2  
  93  8:09  Zergling x4  
  93  8:11  Infestation Pit  
  100  8:14  Baneling x7  
  100  8:17  Ravager x2  
  100  8:18  Drone x5  
  107  8:22  Extractor  
  107  8:23  Extractor  
  105  8:28  Drone x2  
  105  8:30  Evolution Chamber  
  105  8:31  Overlord  
  105  8:32  Zergling x4  
  105  8:33  Evolution Chamber  
  107  8:34  Drone  
  107  8:35  Drone x3  
  107  8:36  Drone x4  
  107  8:37  Drone  
  104  8:49  Zergling x12  
  104  8:50  Zergling x2  
  104  8:51  Zergling x2  
  104  8:52  Zergling x2  
  104  8:54  Zergling x6  
  104  8:55  Pathogen Glands  
  107  8:59  Burrow  
  103  9:11  Hive  
  103  9:13  Zergling x2  
  103  9:14  Zergling x4  
  103  9:15  Zergling x2  
  103  9:16  Zergling x14  
  114  9:18  Baneling  
  114  9:19  Baneling x7, Ravager  
  114  9:22  Zerg Melee Weapons Level 1  
  115  9:24  Zerg Missile Weapons Level 1  
  115  9:25  Drone x3  
  115  9:26  Drone  
  115  9:28  Extractor x2  
  117  9:31  Zergling x2  
  117  9:32  Zergling x4  
  106  9:56  Zergling x18  
  106  9:57  Zergling x2  
  106  9:58  Roach  
  106  9:59  Roach  
  118  10:00  Roach x3  
  118  10:05  Drone  
  118  10:06  Drone  
  110  10:09  Drone  
  110  10:10  Drone x6  
  110  10:11  Drone x3  
  110  10:15  Hatchery  
  110  10:20  Drone x2  
  106  10:21  Drone  
  106  10:28  Baneling x9  
  107  10:38  Drone x7  
  107  10:39  Drone x3  
  117  10:53  Infestor  
  117  10:54  Infestor x3  
  117  10:56  Neural Parasite  
  125  11:01  Baneling x7  
  123  11:04  Ravager  
  123  11:05  Ravager x2  
  112  11:22  Drone x5  
  112  11:23  Drone x11  
  127  11:53  Overlord, Zergling x12  
  133  11:56  Zerg Ground Armor Level 1  
  133  11:58  Ultralisk Cavern  
  133  11:59  Zergling x8  
  133  12:00  Adrenal Glands  
  136  12:03  Baneling x8  
  136  12:04  Zergling x10  
  136  12:06  Zergling x4  
  143  12:09  Zergling x2  
  141  12:17  Drone x3  
  141  12:18  Drone x3  
  147  12:28  Overseer  
  147  12:30  Overseer  
  147  12:35  Spore Crawler  
  146  12:37  Drone  
  146  12:38  Zergling x2  
  146  12:40  Spore Crawler  
  146  12:42  Spine Crawler  
  146  12:43  Baneling x5  
  145  12:44  Chitinous Plating  
  145  12:51  Spine Crawler  
  144  12:52  Ultralisk x2  
  156  12:58  Overlord  
  156  13:10  Ultralisk  
  156  13:11  Overlord, Zergling x2  
  156  13:12  Overlord x2  
  172  13:39  Zergling x4  
Show
View Real Time Build Order
Export as new Build Order

Sohrab Protoss 

Build Orders:  

Get SALT Encoding   

  12  0:00  Probe (Chrono Boost)  
  13  0:11  Probe (Chrono Boost)  
  14  0:20  Pylon  
  14  0:23  Probe (Chrono Boost)  
  15  0:38  Probe (Chrono Boost)  
  16  0:49  Probe (Chrono Boost)  
  17  1:00  Probe (Chrono Boost)  
  18  1:07  Nexus  
  18  1:16  Gateway  
  18  1:21  Probe (Chrono Boost)  
  19  1:27  Assimilator  
  19  1:32  Probe (Chrono Boost)  
  20  1:36  Assimilator  
  20  1:42  Probe (Chrono Boost)  
  21  1:53  Probe (Chrono Boost)  
  22  2:04  Cybernetics Core  
  22  2:09  Forge  
  22  2:13  Pylon  
  22  2:18  Zealot  
  22  2:19  Pylon  
  22  2:22  Probe (Chrono Boost)  
  25  2:35  Probe (Chrono Boost)  
  25  2:36  Probe (Chrono Boost)  
  27  2:41  Stalker  
  26  2:45  Warp Gate  
  26  2:46  Mothership Core (Chrono Boost)  
  26  2:48  Probe (Chrono Boost)  
  32  3:00  Probe (Chrono Boost)  
  32  3:04  Probe (Chrono Boost)  
  33  3:12  Adept, Probe (Chrono Boost)  
  34  3:14  Pylon, Probe (Chrono Boost)  
  37  3:24  Probe (Chrono Boost)  
  37  3:26  Probe (Chrono Boost)  
  39  3:32  Twilight Council  
  37  3:36  Probe (Chrono Boost)  
  37  3:38  Probe (Chrono Boost)  
  39  3:41  Gateway  
  39  3:46  Gateway  
  39  3:49  Probe (Chrono Boost)  
  39  3:51  Probe (Chrono Boost)  
  41  3:57  Gateway  
  41  4:01  Pylon  
  41  4:08  Dark Shrine  
  41  4:13  Probe (Chrono Boost)  
  41  4:14  Probe (Chrono Boost)  
  43  4:22  Gateway  
  43  4:27  Resonating Glaives  
  43  4:28  Pylon  
  43  4:30  Probe (Chrono Boost)  
  45  4:31  Probe (Chrono Boost)  
  45  4:32  Robotics Facility  
  45  4:34  Assimilator  
  45  4:38  Assimilator  
  45  4:48  Probe x2 (Chrono Boost)  
  47  4:54  Adept x3  
  47  4:58  Adept  
  56  5:01  Probe (Chrono Boost)  
  56  5:02  Probe (Chrono Boost)  
  57  5:13  Probe (Chrono Boost)  
  59  5:14  Probe (Chrono Boost)  
  59  5:17  Pylon  
  59  5:19  Warp Prism  
  61  5:30  Nexus  
  61  5:34  Protoss Ground Weapons Level 1  
  61  5:37  Pylon  
  59  5:53  Dark Templar x4  
  59  6:00  Immortal  
  59  6:01  Probe (Chrono Boost)  
  59  6:02  Probe (Chrono Boost)  
  61  6:08  Gateway  
  61  6:09  Gateway  
  65  6:15  Adept  
  67  6:20  Pylon  
  65  6:26  Pylon  
  65  6:28  Pylon  
  65  6:29  Nexus  
  65  6:32  Pylon  
  63  6:46  Immortal  
  59  6:53  Adept x2  
  59  6:54  Pylon, Adept x2  
  65  6:57  Sentry  
  69  7:02  Photon Cannon  
  69  7:05  Probe (Chrono Boost)  
  70  7:14  Adept, Probe (Chrono Boost)  
  70  7:15  Adept x2  
  77  7:17  Probe (Chrono Boost)  
  77  7:20  Sentry x2  
  77  7:21  Sentry x2  
  86  7:25  Pylon  
  86  7:27  Observer  
  87  7:39  Adept  
  87  7:40  Sentry x2  
  87  7:43  Warp Prism  
  89  7:46  Photon Cannon  
  89  7:49  Photon Cannon  
  83  7:59  Adept x3  
  83  8:02  Probe (Chrono Boost)  
  83  8:03  Probe x2 (Chrono Boost)  
  87  8:15  Probe (Chrono Boost)  
  87  8:16  Probe (Chrono Boost)  
  87  8:17  Probe (Chrono Boost)  
  87  8:19  Adept, Sentry x2  
  96  8:20  Adept  
  98  8:28  Probe (Chrono Boost)  
  98  8:29  Probe x2 (Chrono Boost)  
  101  8:36  Pylon  
  101  8:38  Pylon  
  101  8:39  Sentry  
  101  8:40  Sentry  
  101  8:41  Probe x2 (Chrono Boost)  
  91  8:51  Adept x2  
  91  8:52  Adept x3  
  75  9:00  Protoss Ground Armor Level 1  
  75  9:07  Adept x2, Immortal  
  77  9:16  Adept x2  
  85  9:17  Adept  
  85  9:18  Adept  
  89  9:28  Adept x2  
  93  9:34  Photon Cannon  
  93  9:36  Adept x3  
  90  9:50  Adept x2  
  72  10:11  Adept x2  
  72  10:14  Adept x3  
  76  10:24  Nexus  
  76  10:25  Observer  
  75  10:34  Dark Templar x2  
  75  10:35  Dark Templar  
  81  10:39  Dark Templar  
  83  10:51  Dark Templar  
  81  11:20  Adept x2  
  81  11:24  Pylon  
  85  11:28  Pylon  
  85  11:31  Pylon  
  85  11:45  Immortal  
  75  11:48  Probe (Chrono Boost), Robotics Bay  
  75  11:50  Probe x2 (Chrono Boost)  
  75  11:53  Sentry x3  
  88  11:54  Sentry  
  88  11:56  Adept  
  94  12:02  Probe x3 (Chrono Boost)  
  94  12:04  Pylon  
  95  12:14  Probe x2 (Chrono Boost)  
  97  12:23  Probe (Chrono Boost)  
  97  12:26  Probe (Chrono Boost)  
  97  12:29  Assimilator  
  99  12:33  Colossus  
  99  12:34  Assimilator  
  104  12:59  Probe (Chrono Boost)  
  104  13:01  Adept x3  
  110  13:07  Sentry x2  
  110  13:12  Pylon  
  114  13:17  Adept  
  116  13:24  Pylon  
  115  13:30  Adept x2  
  115  13:33  Observer  
  117  13:39  Adept x3  
  44  14:03  Adept x3  
  44  14:04  Adept x2  
Tags
 
Add a new tag
Caveats
  • Supply blocks, unpowered buildings, or Contaminate may cause inaccurate times.
  • Supply counts are checked every 10 seconds.